 Dungeon Crawl Stone Soup version 0.30.0-29-ga12c61a403 (webtiles) character file.

Game seed: 5452573799232261165

32834 qw the Cleaver (level 13, 0/82 HPs)
             Began as a Gargoyle Fighter on June 5, 2023.
             Was an Elder of Okawaru.
             Slain by a five-headed hydra (7 damage)
             ... on level 3 of the Lair of Beasts.
             The game lasted 00:07:06 (13575 turns).

qw the Cleaver (Gargoyle Fighter)                  Turns: 13575, Time: 00:07:06

Health: 0/82       AC: 29    Str: 25    XL:     13   Next: 67%
Magic:  19/19      EV:  9    Int:  7    God:    Okawaru [****..]
Gold:   882        SH: 14    Dex:  9    Spells: 12/12 levels left

rFire   + + .        j - +0 flail (heavy)
rCold   + + +        b - +2 shield of Resistance {rF++ rC++ Will++}
rNeg    + . .        g - +0 plate armour
rPois   inf          i - +0 helmet
rElec   +            n - +0 cloak
rCorr   .            (no gloves)
SInv    +            (no boots)
Will    +++..        f - amulet of the acrobat Stlth
                     e - ring of see invisible
HPRegen 0.33/turn    o - ring of protection from cold
MPRegen 0.16/turn

%: acrobat
@: heroic
A: sickness immunity, AC +9, negative energy resistance 1, electricity
resistance, torment resistance 1, petrification resistance, dopey 1,
strong-willed 1
a: Renounce Religion, Heroism, Finesse


You were on level 3 of the Lair of Beasts.
You worshipped Okawaru.
Okawaru was greatly pleased with you.
You visited 3 branches of the dungeon, and saw 14 of its levels.

You collected 882 gold pieces.


Innate Abilities, Weirdness & Mutations

You are immune to sickness and miasma.
Your stone body is resilient. (AC +9)
You are immune to poison.
You resist negative energy. (rN+)
You are resistant to electric shocks. (rElec)
You are resistant to unholy torment.
You are immune to petrification.
You are dopey. (Int -2)
You are strong-willed. (Will+)


   Skills:
 - Level 10.0(15.0) Fighting
 + Level 13.8(18.8) Axes
 - Level 3.0(8.0) Throwing
 - Level 9.1(14.1) Armour
 - Level 2.0(7.0) Dodging
 - Level 11.0(16.0) Shields
 + Level 9.3 Invocations


You had 12 spell levels left.
You didn't know any spells.
Your spell library was empty.

Inventory:

Hand Weapons
 j - a +0 heavy flail (weapon)
 Y - a +1 war axe of venom
Armour
 b - the +2 shield of Resistance (worn) {rF++ rC++ Will++}
   (You acquired it on level 4 of the Dungeon)

   rF:        It greatly protects you from fire.
   rC:        It greatly protects you from cold.
   Will:      It greatly increases your willpower.
 g - a +0 plate armour (worn)
 i - a +0 helmet (worn)
 n - a +0 cloak (worn)
 t - +0 acid dragon scales
Jewellery
 c - a ring of positive energy
 e - a ring of see invisible (left hand)
 f - an amulet of the acrobat (around neck)
 l - a ring of protection from cold
 o - a ring of protection from cold (right hand)
 u - a ring of resist corrosion
 y - an amulet of guardian spirit
Wands
 w - a wand of digging (5)
Scrolls
 a - 5 scrolls of identify
Potions
 d - 2 potions of might
 h - 2 potions of mutation
 k - 2 potions of lignification
 m - 2 potions of attraction
 p - 5 potions of curing
 q - 2 potions of cancellation
 s - a potion of haste
 v - a potion of magic

Dungeon Overview and Level Annotations

Branches:
Dungeon (8/15)             Temple (1/1) D:7            Lair (5/5) D:8
 Shoals (0/4) Lair:2       Spider (0/4) Lair:2
  Slime: Lair:4-5

Altars:
Ashenzari
Cheibriados
Dithmenos
Fedhas
Gozag
Kikubaaqudgha
Makhleb
Nemelex Xobeh
Okawaru
Qazlal
Ru
Sif Muna
Trog
Uskayaw
Vehumet
Wu Jian
Xom
Yredelemnul
Zin
The Shining One

Shops:
D:6 :

Annotations:
D:2 1 runed translucent door, Crazy Yiuf
D:8 1 runed translucent door, qw's ghost, novice GrFi
Lair:4 3 runed translucent doors, qw's ghost, journeyman GrFi


Message History

The elephant looks more healthy.
You block the elephant's attack. The elephant trunk-slaps you.
The elephant tramples you but does no damage.
The elephant trunk-slaps you but does no damage.
The komodo dragon completely misses you.
The five-headed hydra bites you but does no damage. x5
You pound the elephant like an anvil!!!
The elephant is severely wounded.
The elephant tramples you but does no damage.
You block the elephant's attack. x2
The elephant trunk-slaps you but does no damage.
You block the komodo dragon's attack.
The five-headed hydra barely misses you.
The five-headed hydra closely misses you.
The five-headed hydra bites you but does no damage. x2
The five-headed hydra bites you.
You bludgeon the elephant!!
You kill the elephant!
Okawaru accepts your kill. You block the elephant's attack.
The elephant barely misses you. You block the komodo dragon's attack.
You block the five-headed hydra's attack.
The five-headed hydra bites you!
The five-headed hydra closely misses you.
You block the five-headed hydra's attack.
The five-headed hydra bites you but does no damage.
You hit the elephant but do no damage.
The elephant is lightly wounded.
The elephant tramples you but does no damage.
The elephant trunk-slaps you but does no damage.
The komodo dragon barely misses you.
The five-headed hydra bites you but does no damage.
You block the five-headed hydra's attack.
The five-headed hydra bites you but does no damage. x3
You completely miss the elephant.
The elephant is lightly wounded.
You block the elephant's attack. The elephant barely misses you.
The komodo dragon bites you but does no damage.
The five-headed hydra bites you!
You die...

..............# ##...# #..#
#............## ##..P# #..#
.............# ##....# #..#
..?..........###P...P# #..##
..............####..##### ##...##
#............#.##...###.###...#.P
..................%..............
...............YDl...............
###....##.#P.P#.@%#.#....###...P#
# #....########..###...### #..###
# #...## ##..###....# #...# #
##..# #....###...# #...## # #...#
###..#.#P...####..#.# 7 #...###
#.................... .###....#
#.#.................. 7# #..P##
#####..#...#....P###...
77#...P###.#....####....### ###.


You could see a five-headed hydra, an elephant and a komodo dragon.

Vanquished Creatures
  2 hydras
  23 elephants
  9 cane toads
  2 black mambas
  A torpor snail (Lair:1)
  6 komodo dragons
  Maggie (D:6)
  2 rime drakes
  5 polar bears
  13 dream sheep
  A snapping turtle (Lair:2)
  Prince Ribbit (D:5)
  22 blink frogs
  Sigmund (D:3)
  6 wyverns
  19 yaks
  5 steam dragons
  A redback (Lair:2)
  8 water moccasins
  An acid dragon (D:8)
  Duvessa (D:6)
  2 hell hounds (Lair:2)
  A black bear (Lair:2)
  An ice beast (D:7)
  2 orc warriors (D:8)
  A sky beast (D:7)
  14 wolves
  A centaur (D:8)
  A phantom (D:6)
  Blork the orc (D:6)
  14 bullfrogs
  6 scorpions
  4 wights (D:8)
  Dowan (D:6)
  6 killer bees (D:7)
  3 electric eels
  2 hounds
  2 jellies (D:5)
  A gnoll bouda (D:6)
  5 orc priests
  Jessica (D:3)
  Ijyb (D:3)
  2 iguanas
  6 orc wizards
  3 hell rats (Lair:4)
  7 gnolls
  5 adders
  A river rat (D:3)
  A shadow imp (D:6)
  4 worms
  4 dart slugs
  34 orcs
  8 bats
  7 endoplasms
  5 giant cockroaches
  10 hobgoblins
  7 quokkas
  5 ball pythons
  5 frilled lizards
  6 goblins
  9 kobolds
  8 rats
337 creatures vanquished.

Vanquished Creatures (others)
  An orc (D:6)
1 creature vanquished.

Grand Total: 338 creatures vanquished

Notes
Turn   | Place    | Note
-------+----------+-------------------------------------------
     0 | D:1      | qw the Gargoyle Fighter began the quest for the Orb.
     0 | D:1      | Reached XP level 1. HP: 14/14 MP: 1/1
     0 | D:1      | 0 ||| qw: Version: 0.2-a-108-gee2c290
     0 | D:1      | 0 ||| qw: Game counter: 1492
     0 | D:1      | 0 ||| qw: Always use a shield: true
     0 | D:1      | 0 ||| qw: God list: Okawaru
     0 | D:1      | 0 ||| qw: Allow faded altars: false
     0 | D:1      | 0 ||| qw: Do Orc after D:15 true
     0 | D:1      | 0 ||| qw: Do second Lair branch before Depths: true
     0 | D:1      | 0 ||| qw: Lair rune preference: random
     0 | D:1      | 0 ||| qw: Plans: Normal, Zot:1-4, Slime:5, God:TSO, Crypt,
                  | Tomb, Abyss, Pan, Hells, Win
     0 | D:1      | 0 ||| PLANNING D:1-11
    80 | D:1      | Reached skill level 2 in Axes
    82 | D:1      | 82 ||| Stepping ~*~*~tactically~*~*~ (stealth).
   255 | D:1      | Reached XP level 2. HP: 19/19 MP: 2/2
   257 | D:1      | 257 ||| DROPPING +0 club.
   267 | D:1      | 267 ||| Stepping ~*~*~tactically~*~*~ (stealth).
   383 | D:1      | 383 ||| Stepping ~*~*~tactically~*~*~ (hiding).
   579 | D:1      | Reached skill level 3 in Axes
   590 | D:1      | 590 ||| Stepping ~*~*~tactically~*~*~ (hiding).
   728 | D:1      | Reached XP level 3. HP: 22/23 MP: 3/3
  1110 | D:1      | 1110 ||| UPGRADING to +0 helmet.
  1115 | D:1      | 1115 ||| UPGRADING to ring of see invisible.
  1116 | D:1      | 1116 ||| READING 2 scrolls labelled MOM TENIQA.
  1117 | D:1      | 1117 ||| READING scroll labelled YXEOG KIDARR.
  1120 | D:1      | 1120 ||| READING scroll labelled PUUKHEJ TOMPU.
  1181 | D:2      | 1181 ||| Stepping ~*~*~tactically~*~*~ (stealth).
  1281 | D:2      | Found a runed translucent door.
  1282 | D:2      | Noticed Crazy Yiuf
  1403 | D:2      | 1403 ||| Stepping ~*~*~tactically~*~*~ (stealth).
  1404 | D:2      | 1404 ||| Stepping ~*~*~tactically~*~*~ (stealth).
  1694 | D:2      | Reached XP level 4. HP: 25/28 MP: 4/4
  1770 | D:2      | Reached skill level 4 in Axes
  2178 | D:2      | 2178 ||| UPGRADING to +0 cloak.
  2183 | D:2      | 2183 ||| UPGRADING to amulet of the acrobat.
  2188 | D:2      | 2188 ||| UPGRADING to ring of protection from cold.
  2189 | D:2      | 2189 ||| READING scroll labelled OSIRGH VERPHAE.
  2190 | D:2      | 2190 ||| READING scroll labelled HUYTYANLEUM.
  2191 | D:2      | 2191 ||| DRINKING 2 glowing ruby potions.
  2191 | D:2      | Gained mutation: You are dopey. (Int -2) [potion of
                  | mutation]
  2191 | D:2      | Gained mutation: You are strong-willed. (Will+) [potion of
                  | mutation]
  2192 | D:2      | 2192 ||| DRINKING 2 purple potions.
  2255 | D:3      | Noticed Jessica
  2256 | D:3      | 2256 ||| PLANNING SEWER
  2259 | D:3      | Killed Jessica
  2274 | D:3      | 2274 ||| Stepping ~*~*~tactically~*~*~ (stealth).
  2287 | D:3      | Reached XP level 5. HP: 32/32 MP: 5/5
  2385 | D:3      | Noticed Ijyb
  2388 | D:3      | Killed Ijyb
  2392 | D:3      | Noticed Sigmund
  2399 | D:3      | Killed Sigmund
  2400 | D:3      | Reached skill level 6 in Axes
  2400 | D:3      | Reached XP level 6. HP: 28/37 MP: 6/6
  2455 | D:3      | 2455 ||| Stepping ~*~*~tactically~*~*~ (stealth).
  2869 | D:3      | 2869 ||| RIP SEWER
  2870 | D:3      | 2870 ||| PLANNING D:1-11
  2874 | D:3      | 2874 ||| READING scroll labelled JOVUFR LUCIARE.
  3084 | D:3      | 3084 ||| Stepping ~*~*~tactically~*~*~ (stealth).
  3514 | D:3      | 3514 ||| READING 2 scrolls labelled FEATEU WETO.
  3515 | D:3      | 3515 ||| DRINKING 3 sedimented emerald potions.
  3516 | D:3      | 3516 ||| DROPPING scroll of fear.
  3623 | D:4      | 3623 ||| Stepping ~*~*~tactically~*~*~ (stealth).
  3813 | D:4      | Found a broken altar of Ashenzari.
  3980 | D:4      | Reached skill level 1 in Dodging
  4346 | D:4      | 4346 ||| UPGRADING to +0 chain mail.
  4356 | D:4      | 4356 ||| DROPPING +0 scale mail.
  4357 | D:4      | 4357 ||| READING scroll labelled UNUTUT ZELO.
  4358 | D:4      | 4358 ||| READING scroll labelled OTYHECLILACW.
  4359 | D:4      | 4359 ||| READING scroll labelled EHYOCACRUD.
  4359 | D:4      | Identified a scroll of acquirement
  4359 | D:4      | 4359 ||| ACQUIRING +2 shield of Resistance {rF++ rC++
                  | Will++}
  4359 | D:4      | Acquired the +2 shield of Resistance {rF++ rC++ Will++}
  4359 | D:4      | Found the +2 shield of Resistance {rF++ rC++ Will++}
  4361 | D:4      | 4361 ||| UPGRADING to +2 shield of Resistance {rF++ rC++
                  | Will++}.
  4371 | D:4      | 4371 ||| DROPPING +0 buckler.
  4372 | D:4      | 4372 ||| DRINKING 2 lumpy cyan potions.
  4373 | D:4      | 4373 ||| READING 3 scrolls of identify.
  4373 | D:4      | 4373 ||| IDENTIFYING lumpy inky potion
  4374 | D:4      | 4374 ||| READING 2 scrolls of identify.
  4374 | D:4      | 4374 ||| IDENTIFYING orange potion
  4375 | D:4      | 4375 ||| DROPPING potion of flight.
  4441 | D:5      | Entered Level 5 of the Dungeon
  4446 | D:5      | Reached XP level 7. HP: 42/43 MP: 7/7
  4555 | D:5      | Noticed Prince Ribbit
  4594 | D:5      | Killed Prince Ribbit
  4595 | D:5      | Reached skill level 6 in Shields
  4708 | D:5      | Reached XP level 8. HP: 48/48 MP: 8/8
  4845 | D:5      | 4845 ||| Stepping ~*~*~tactically~*~*~ (stealth).
  4847 | D:5      | 4847 ||| Stepping ~*~*~tactically~*~*~ (hiding).
  4859 | D:5      | 4859 ||| Stepping ~*~*~tactically~*~*~ (hiding).
  4860 | D:5      | 4860 ||| Stepping ~*~*~tactically~*~*~ (stealth).
  4861 | D:5      | 4861 ||| Stepping ~*~*~tactically~*~*~ (hiding).
  4862 | D:5      | 4862 ||| Stepping ~*~*~tactically~*~*~ (hiding).
  4870 | D:5      | Reached skill level 7 in Axes
  4884 | D:5      | 4884 ||| DROPPING +0 whip.
  4887 | D:5      | 4887 ||| DROPPING +0 flail.
  5201 | D:5      | 5201 ||| UPGRADING to +0 plate armour.
  5211 | D:5      | 5211 ||| DROPPING +0 chain mail.
  5212 | D:5      | 5212 ||| READING scroll labelled USEUCR BAAZ.
  5213 | D:5      | 5213 ||| READING scroll labelled JIARUI PUYSE.
  5214 | D:5      | 5214 ||| READING 3 scrolls of identify.
  5214 | D:5      | 5214 ||| IDENTIFYING fuming ruby potion
  5215 | D:5      | 5215 ||| READING 2 scrolls of identify.
  5215 | D:5      | 5215 ||| IDENTIFYING pink potion
  5313 | D:6      | Reached skill level 1 in Throwing
  5332 | D:6      | Reached XP level 9. HP: 23/54 MP: 9/9
  5484 | D:6      | 5484 ||| Stepping ~*~*~tactically~*~*~ (stealth).
  5486 | D:6      | 5486 ||| Stepping ~*~*~tactically~*~*~ (hiding).
  5487 | D:6      | 5487 ||| Stepping ~*~*~tactically~*~*~ (hiding).
  5488 | D:6      | 5488 ||| Stepping ~*~*~tactically~*~*~ (hiding).
  5489 | D:6      | 5489 ||| Stepping ~*~*~tactically~*~*~ (hiding).
  5490 | D:6      | 5490 ||| Stepping ~*~*~tactically~*~*~ (hiding).
  5579 | D:6      | Reached skill level 8 in Axes
  5734 | D:6      | Found Orchi's Book Boutique.
  5777 | D:6      | 5777 ||| Stepping ~*~*~tactically~*~*~ (stealth).
  5844 | D:6      | Noticed Blork the orc
  5858 | D:6      | Killed Blork the orc
  5936 | D:6      | Noticed Maggie
  5943 | D:6      | Killed Maggie
  5944 | D:6      | Reached skill level 6 in Armour
  6008 | D:6      | 6008 ||| Stepping ~*~*~tactically~*~*~ (hiding).
  6179 | D:6      | Noticed Dowan
  6180 | D:6      | Noticed Duvessa
  6188 | D:6      | Killed Dowan
  6191 | D:6      | Killed Duvessa
  6192 | D:6      | Reached skill level 6 in Fighting
  6251 | D:6      | 6251 ||| DRINKING 2 emerald potions.
  6252 | D:6      | 6252 ||| READING 2 scrolls of identify.
  6252 | D:6      | 6252 ||| IDENTIFYING smoky golden potion
  6253 | D:6      | 6253 ||| DROPPING potion of degeneration.
  6287 | D:7      | Found a staircase to the Ecumenical Temple.
  6288 | D:7      | 6288 ||| PLANNING TEMPLE
  6290 | D:7      | 6290 ||| Stepping ~*~*~tactically~*~*~ (stealth).
  6309 | D:7      | HP: 12/55 [killer bee (4)]
  6310 | D:7      | 6310 ||| READING 3 scrolls of teleportation.
  6311 | D:7      | 6311 ||| DRINKING potion of heal wounds.
  6402 | D:7      | 6402 ||| Stepping randomly (stuck).
  6403 | D:7      | 6403 ||| Stepping randomly (stuck).
  6404 | D:7      | 6404 ||| Stepping randomly (stuck).
  6405 | D:7      | 6405 ||| Stepping randomly (stuck).
  6406 | D:7      | 6406 ||| Stepping randomly (stuck).
  6407 | D:7      | 6407 ||| Stepping randomly (stuck).
  6408 | D:7      | 6408 ||| Stepping randomly (stuck).
  6409 | D:7      | 6409 ||| Stepping randomly (stuck).
  6410 | D:7      | 6410 ||| Stepping randomly (stuck).
  6411 | D:7      | 6411 ||| Stepping randomly (stuck).
  6412 | D:7      | 6412 ||| Stepping randomly (stuck).
  6413 | D:7      | 6413 ||| Stepping randomly (stuck).
  6414 | D:7      | 6414 ||| Stepping randomly (stuck).
  6415 | D:7      | 6415 ||| Stepping randomly (stuck).
  6416 | D:7      | 6416 ||| Stepping randomly (stuck).
  6417 | D:7      | 6417 ||| Stepping randomly (stuck).
  6418 | D:7      | 6418 ||| Stepping randomly (stuck).
  6419 | D:7      | 6419 ||| Stepping randomly (stuck).
  6420 | D:7      | 6420 ||| Stepping randomly (stuck).
  6421 | D:7      | 6421 ||| Stepping randomly (stuck).
  6422 | D:7      | 6422 ||| Stepping randomly (stuck).
  6423 | D:7      | 6423 ||| Stepping randomly (stuck).
  6424 | D:7      | 6424 ||| Stepping randomly (stuck).
  6425 | D:7      | 6425 ||| Stepping randomly (stuck).
  6426 | D:7      | 6426 ||| Stepping randomly (stuck).
  6427 | D:7      | 6427 ||| Stepping randomly (stuck).
  6428 | D:7      | 6428 ||| Stepping randomly (stuck).
  6429 | D:7      | 6429 ||| Stepping randomly (stuck).
  6430 | D:7      | 6430 ||| Stepping randomly (stuck).
  6431 | D:7      | 6431 ||| Stepping randomly (stuck).
  6432 | D:7      | 6432 ||| Stepping randomly (stuck).
  6433 | D:7      | 6433 ||| Stepping randomly (stuck).
  6434 | D:7      | 6434 ||| Stepping randomly (stuck).
  6435 | D:7      | 6435 ||| Stepping randomly (stuck).
  6436 | D:7      | 6436 ||| Stepping randomly (stuck).
  6437 | D:7      | 6437 ||| Stepping randomly (stuck).
  6438 | D:7      | 6438 ||| Stepping randomly (stuck).
  6439 | D:7      | 6439 ||| Stepping randomly (stuck).
  6440 | D:7      | 6440 ||| Stepping randomly (stuck).
  6441 | D:7      | 6441 ||| Stepping randomly (stuck).
  6442 | D:7      | 6442 ||| Stepping randomly (stuck).
  6443 | D:7      | 6443 ||| Stepping randomly (stuck).
  6444 | D:7      | 6444 ||| Stepping randomly (stuck).
  6445 | D:7      | 6445 ||| Stepping randomly (stuck).
  6446 | D:7      | 6446 ||| Stepping randomly (stuck).
  6447 | D:7      | 6447 ||| Stepping randomly (stuck).
  6448 | D:7      | 6448 ||| Stepping randomly (stuck).
  6449 | D:7      | 6449 ||| Stepping randomly (stuck).
  6450 | D:7      | 6450 ||| Stepping randomly (stuck).
  6451 | D:7      | 6451 ||| Stepping randomly (stuck).
  6452 | D:7      | 6452 ||| Stepping randomly (stuck).
  6453 | D:7      | 6453 ||| READING 2 scrolls of teleportation.
  6458 | D:7      | 6458 ||| READING scroll of teleportation.
  6466 | D:7      | 6466 ||| Stepping randomly (stuck).
  6467 | D:7      | 6467 ||| Stepping randomly (stuck).
  6468 | D:7      | 6468 ||| Stepping randomly (stuck).
  6469 | D:7      | 6469 ||| Stepping randomly (stuck).
  6470 | D:7      | 6470 ||| Stepping randomly (stuck).
  6471 | D:7      | 6471 ||| Stepping randomly (stuck).
  6472 | D:7      | 6472 ||| Stepping randomly (stuck).
  6473 | D:7      | 6473 ||| Stepping randomly (stuck).
  6474 | D:7      | 6474 ||| Stepping randomly (stuck).
  6475 | D:7      | 6475 ||| Stepping randomly (stuck).
  6476 | D:7      | 6476 ||| Stepping randomly (stuck).
  6477 | D:7      | 6477 ||| Stepping randomly (stuck).
  6478 | D:7      | 6478 ||| Stepping randomly (stuck).
  6479 | D:7      | 6479 ||| Stepping randomly (stuck).
  6480 | D:7      | 6480 ||| Stepping randomly (stuck).
  6481 | D:7      | 6481 ||| Stepping randomly (stuck).
  6482 | D:7      | 6482 ||| Stepping randomly (stuck).
  6483 | D:7      | 6483 ||| Stepping randomly (stuck).
  6483 | D:7      | Found a glowing golden altar of the Shining One.
  6736 | D:7      | Found a stormy altar of Qazlal.
  6933 | D:7      | Reached skill level 9 in Axes
  7027 | D:7      | Reached XP level 10. HP: 56/61 MP: 10/10
  7090 | D:7      | 7090 ||| DRINKING 2 inky potions.
  7097 | D:7      | 7097 ||| Stepping ~*~*~tactically~*~*~ (stealth).
  7198 | D:7      | 7198 ||| DROPPING potion of berserk rage.
  7236 | Temple   | Entered the Ecumenical Temple
  7237 | Temple   | 7237 ||| PLANNING OKAWARU WORSHIP
  7242 | Temple   | Became a worshipper of Warmaster Okawaru
  7242 | Temple   | 7242 ||| PLANNING D:1-11
  7436 | D:7      | Identified the +10 spear of Dugis {pain, Str+2 Dex+3}
  7632 | D:8      | 7632 ||| Stepping ~*~*~tactically~*~*~ (hiding).
  7738 | D:8      | Noticed qw's ghost (novice GrFi)
  7766 | D:8      | 7766 ||| Stepping ~*~*~tactically~*~*~ (hiding).
  7767 | D:8      | 7767 ||| Stepping ~*~*~tactically~*~*~ (hiding).
  7768 | D:8      | 7768 ||| Stepping ~*~*~tactically~*~*~ (hiding).
  7805 | D:8      | Found a runed translucent door.
  7813 | D:8      | 7813 ||| DROPPING ring of wizardry.
  7814 | D:8      | 7814 ||| READING scroll labelled PYMEASOTZO.
  8032 | D:8      | Reached skill level 9 in Shields
  8079 | D:8      | 8079 ||| Stepping ~*~*~tactically~*~*~ (stealth).
  8082 | D:8      | 8082 ||| Stepping ~*~*~tactically~*~*~ (hiding).
  8083 | D:8      | 8083 ||| Stepping ~*~*~tactically~*~*~ (hiding).
  8260 | D:8      | Found a staircase to the Lair.
  8270 | D:8      | Reached * piety under Okawaru
  8408 | D:8      | 8408 ||| INVOKING Heroism.
  8827 | D:8      | 8827 ||| PLANNING LAIR
  8875 | Lair:1   | Entered Level 1 of the Lair of Beasts
  8931 | Lair:1   | Reached skill level 1 in Invocations
  8964 | Lair:1   | 8964 ||| INVOKING Heroism.
  8973 | Lair:1   | Reached skill level 10 in Axes
  9010 | Lair:1   | 9010 ||| Stepping ~*~*~tactically~*~*~ (stealth).
  9049 | Lair:1   | Noticed a torpor snail
  9050 | Lair:1   | 9050 ||| FLEEEEING.
  9052 | Lair:1   | 9052 ||| FLEEEEING.
  9054 | Lair:1   | 9054 ||| INVOKING Heroism.
  9071 | Lair:1   | 9071 ||| INVOKING Heroism.
  9073 | Lair:1   | Killed a torpor snail
  9165 | Lair:1   | Reached skill level 3 in Invocations
  9185 | Lair:1   | 9185 ||| Stepping ~*~*~tactically~*~*~ (stealth).
  9186 | Lair:1   | 9186 ||| Stepping ~*~*~tactically~*~*~ (stealth).
  9189 | Lair:1   | 9189 ||| INVOKING Heroism.
  9207 | Lair:1   | Reached ** piety under Okawaru
  9255 | Lair:1   | 9255 ||| INVOKING Heroism.
  9268 | Lair:1   | Reached XP level 11. HP: 66/68 MP: 12/14
  9331 | Lair:1   | 9331 ||| INVOKING Heroism.
  9349 | Lair:1   | 9349 ||| Stepping ~*~*~tactically~*~*~ (stealth).
  9350 | Lair:1   | 9350 ||| Stepping ~*~*~tactically~*~*~ (stealth).
  9585 | Lair:1   | 9585 ||| READING scroll labelled XIEROU UCUFUNA.
  9637 | Lair:2   | 9637 ||| Stepping ~*~*~tactically~*~*~ (stealth).
  9639 | Lair:2   | 9639 ||| Stepping ~*~*~tactically~*~*~ (stealth).
  9641 | Lair:2   | 9641 ||| Stepping ~*~*~tactically~*~*~ (stealth).
  9642 | Lair:2   | 9642 ||| INVOKING Heroism.
  9701 | Lair:2   | 9701 ||| Stepping ~*~*~tactically~*~*~ (stealth).
  9702 | Lair:2   | 9702 ||| Stepping ~*~*~tactically~*~*~ (stealth).
  9706 | Lair:2   | 9706 ||| INVOKING Heroism.
  9743 | Lair:2   | 9743 ||| Stepping ~*~*~tactically~*~*~ (stealth).
  9807 | Lair:2   | 9807 ||| INVOKING Heroism.
  9819 | Lair:2   | Reached skill level 11 in Axes
  9847 | Lair:2   | 9847 ||| INVOKING Heroism.
  9885 | Lair:2   | 9885 ||| INVOKING Heroism.
  9917 | Lair:2   | 9917 ||| INVOKING Heroism.
  9925 | Lair:2   | HP: 17/68 [elephant (9)]
  9926 | Lair:2   | 9926 ||| READING scroll of teleportation.
  9929 | Lair:2   | Reached *** piety under Okawaru
 10001 | Lair:2   | 10001 ||| INVOKING Heroism.
 10048 | Lair:2   | 10048 ||| Stepping ~*~*~tactically~*~*~ (stealth).
 10069 | Lair:2   | 10069 ||| Stepping ~*~*~tactically~*~*~ (stealth).
 10073 | Lair:2   | 10073 ||| Stepping ~*~*~tactically~*~*~ (stealth).
 10074 | Lair:2   | 10074 ||| Stepping ~*~*~tactically~*~*~ (stealth).
 10075 | Lair:2   | 10075 ||| Stepping ~*~*~tactically~*~*~ (stealth).
 10098 | Lair:2   | Reached skill level 9 in Fighting
 10149 | Lair:2   | 10149 ||| INVOKING Heroism.
 10219 | Lair:2   | Found a hole to the Spider Nest.
 10236 | Lair:2   | Noticed a five-headed hydra
 10237 | Lair:2   | 10237 ||| INVOKING Heroism.
 10241 | Lair:2   | 10241 ||| SWAPPING to +0 heavy flail.
 10250 | Lair:2   | Killed a five-headed hydra
 10251 | Lair:2   | 10251 ||| SWAPPING to +1 war axe of venom.
 10451 | Lair:2   | 10451 ||| INVOKING Heroism.
 10506 | Lair:2   | 10506 ||| INVOKING Heroism.
 10519 | Lair:2   | Received a gift from Okawaru
 10520 | Lair:2   | Reached XP level 12. HP: 59/76 MP: 13/15
 10596 | Lair:2   | Reached skill level 12 in Axes
 10612 | Lair:2   | 10612 ||| Stepping ~*~*~tactically~*~*~ (stealth).
 10746 | Lair:2   | 10746 ||| INVOKING Heroism.
 10831 | Lair:2   | 10831 ||| Stepping ~*~*~tactically~*~*~ (stealth).
 10833 | Lair:2   | 10833 ||| INVOKING Heroism.
 10849 | Lair:2   | 10849 ||| INVOKING Heroism.
 10972 | Lair:2   | 10972 ||| Stepping ~*~*~tactically~*~*~ (stealth).
 11020 | Lair:2   | Found a staircase to the Shoals.
 11026 | Lair:2   | 11026 ||| INVOKING Heroism.
 11028 | Lair:2   | HP: 18/76 [snapping turtle (13)]
 11029 | Lair:2   | 11029 ||| DRINKING 3 potions of heal wounds.
 11037 | Lair:2   | Reached skill level 9 in Armour
 11540 | Lair:2   | 11540 ||| READING scroll labelled OLETIK TUBB.
 11590 | Lair:2   | 11590 ||| READING 5 scrolls of identify.
 11590 | Lair:2   | 11590 ||| IDENTIFYING amethyst potion
 11591 | Lair:2   | 11591 ||| DROPPING potion of brilliance.
 11622 | Lair:3   | 11622 ||| INVOKING Heroism.
 11780 | Lair:3   | You fall into a shaft and drop 2 floors!
 11780 | Lair:5   | Entered Level 5 of the Lair of Beasts
 11789 | Lair:5   | 11789 ||| Stepping ~*~*~tactically~*~*~ (stealth).
 11790 | Lair:5   | 11790 ||| Stepping ~*~*~tactically~*~*~ (stealth).
 11791 | Lair:5   | 11791 ||| Stepping ~*~*~tactically~*~*~ (stealth).
 11792 | Lair:5   | 11792 ||| Stepping ~*~*~tactically~*~*~ (stealth).
 11794 | Lair:5   | 11794 ||| Stepping ~*~*~tactically~*~*~ (stealth).
 11802 | Lair:5   | Reached **** piety under Okawaru
 11803 | Lair:5   | 11803 ||| INVOKING Heroism.
 11819 | Lair:5   | 11819 ||| INVOKING Heroism.
 11842 | Lair:5   | 11842 ||| INVOKING Heroism.
 11870 | Lair:5   | Reached skill level 6 in Invocations
 11870 | Lair:5   | Reached XP level 13. HP: 54/82 MP: 17/17
 11873 | Lair:5   | Reached ***** piety under Okawaru
 11874 | Lair:5   | Reached skill level 13 in Axes
 11879 | Lair:5   | 11879 ||| INVOKING Heroism.
 11995 | Lair:5   | 11995 ||| INVOKING Heroism.
 12007 | Lair:5   | Reached skill level 3 in Throwing
 12009 | Lair:5   | Identified the +1 robe of the Moon {rElec rPois Dex-5}
                  | (Okawaru gifted it to you on level 5 of the Lair of Beasts)
 12009 | Lair:5   | Received a gift from Okawaru
 12165 | Lair:5   | 12165 ||| INVOKING Heroism.
 12256 | Lair:4   | Noticed qw's ghost (journeyman GrFi)
 12256 | Lair:4   | Found a runed translucent gate.
 12256 | Lair:4   | Found a runed translucent gate.
 12256 | Lair:4   | Found a runed translucent gate.
 12279 | Lair:4   | 12279 ||| Stepping ~*~*~tactically~*~*~ (stealth).
 12280 | Lair:4   | 12280 ||| Stepping ~*~*~tactically~*~*~ (stealth).
 12281 | Lair:4   | 12281 ||| Stepping ~*~*~tactically~*~*~ (stealth).
 12282 | Lair:4   | 12282 ||| Stepping ~*~*~tactically~*~*~ (stealth).
 12283 | Lair:4   | 12283 ||| Stepping ~*~*~tactically~*~*~ (stealth).
 12284 | Lair:4   | 12284 ||| Stepping ~*~*~tactically~*~*~ (stealth).
 12293 | Lair:4   | 12293 ||| INVOKING Heroism.
 12300 | Lair:4   | 12300 ||| Stepping ~*~*~tactically~*~*~ (stealth).
 12301 | Lair:4   | 12301 ||| Stepping ~*~*~tactically~*~*~ (stealth).
 12324 | Lair:4   | 12324 ||| INVOKING Finesse.
 12396 | Lair:3   | 12396 ||| INVOKING Heroism.
 12452 | Lair:3   | 12452 ||| INVOKING Heroism.
 12804 | Lair:3   | 12804 ||| Stepping ~*~*~tactically~*~*~ (stealth).
 12813 | Lair:3   | 12813 ||| Stepping ~*~*~tactically~*~*~ (stealth).
 13340 | Lair:4   | 13340 ||| FLEEEEING.
 13341 | Lair:4   | 13341 ||| STAIRDANCE
 13447 | Lair:4   | 13447 ||| STAIRDANCE
 13449 | Lair:3   | 13449 ||| INVOKING Heroism.
 13455 | Lair:3   | Reached skill level 9 in Invocations
 13553 | Lair:4   | 13553 ||| INVOKING Heroism.
 13556 | Lair:4   | 13556 ||| SWAPPING to +0 heavy flail.
 13558 | Lair:4   | 13558 ||| STAIRDANCE
 13562 | Lair:3   | HP: 20/82 [five-headed hydra (4)]
 13563 | Lair:3   | 13563 ||| DRINKING 2 potions of heal wounds.
 13564 | Lair:3   | 13564 ||| SWAPPING to +1 war axe of venom.
 13565 | Lair:3   | 13565 ||| SWAPPING to +0 heavy flail.
 13567 | Lair:3   | HP: 17/82 [five-headed hydra (11)]
 13568 | Lair:3   | 13568 ||| DRINKING potion of heal wounds.
 13572 | Lair:3   | HP: 16/82 [five-headed hydra (3)]
 13573 | Lair:3   | HP: 6/82 [five-headed hydra (10)]
 13575 | Lair:3   | Slain by a five-headed hydra

Levels and vault maps discovered:
D:1:      minmay_arrival_stone_box, layout_loops_corners, minivault_4
D:2:      minmay_wonky_spiral, layout_basic, serial_forest,
          infiniplex_forest_end_3, infiniplex_forest_zigzag_1,
          infiniplex_forest_lined_corner, infiniplex_forest_join,
          infiniplex_forest_straight_5, infiniplex_forest_straight_3,
          infiniplex_forest_clump_curved, serial_park_tiny_pond,
          minmay_distorted, uniq_crazy_yiuf_cottage
D:3:      minmay_diamond_boxcup, layout_loops_corners, gup_sewer_entry_bowl,
          wad_orctagon, uniq_ijyb, uniq_jessica, uniq_sigmund
D:4:      layout_basic, lemuel_coloured_pillars_altar
D:5:      layout_cave_pools, hex_tiny, uniq_prince_ribbit1
D:6:      layout_loops_corners, serial_shops, shop_fountains,
          minmay_diced_spiral, uniq_duvessa, uniq_blork_the_orc, uniq_maggie
D:7:      layout_basic, lemuel_doored_altar, grunt_qazlal_clouds,
          minmay_temple_entry_large_hall, minmay_misc_feat_tower
D:8:      layout_basic, grunt_lair_entry_orc_guard_hut, hellmonk_ghost_big_iron,
          lightli_minifort
Temple:   sentei_temple_godly_chess
Lair:1:   layout_big_grid, cheibrodos_lair_lostbears,
          infiniplex_staircase_pool_2, grunt_megastairs_4
Lair:2:   layout_regular_city, minmay_shoals_entry_hut,
          spider_nest_entry_rubble, enter_volcano_3, serial_bayou_pond_c
Lair:3:   layout_small_grid, minivault_23, wad_woods_river_01
Lair:4:   layout_misc_corridors, dpeg_slime_entry_enclosed,
          gammafunk_ghost_hydra_chop, beast_lair_carwin_6
Lair:5:   hellmonk_lair_end_abyssal_woods, layout_hall_layers,
          amcnicky_altar_lugonu_corruption, infiniplex_staircase_pool

Skill      XL: |  1  2  3  4  5  6  7  8  9 10 11 12 13 |
---------------+----------------------------------------+-----
Axes           | 2 3 4 6 7 9 10 11 12 13 | 13.8
Fighting       | 4 5 6 8 9 10 | 10.0
Dodging        | 1 2 |  2.0
Shields        | 6 7 8 9 10 11 | 11.0
Armour         | 4 6 7 8 9 |  9.1
Throwing       | 1 2 3 |  3.0
Invocations    | 4 6 9 |  9.3

Action                     |  1- 3 |  4- 6 |  7- 9 | 10-12 | 13-15 || total
---------------------------+-------+-------+-------+-------+-------++-------
  Melee: War axe           |   149 |   165 |   276 |   418 |   164 ||  1172
         Flail             |       |       |       |     9 |    13 ||    22
  Throw: Boomerang         |       |       |    24 |    81 |    18 ||   123
 Invoke: Heroism           |       |       |       |    26 |     8 ||    34
         Finesse           |       |       |       |       |     1 ||     1
    Use: Scroll            |     3 |     9 |     8 |     5 |       ||    25
         Potion            |       |     4 |     2 |     2 |     2 ||    10
 Armour: Scale mail        |    77 |    66 |       |       |       ||   143
         Chain mail        |       |     5 |    56 |       |       ||    61
         Plate armour      |       |       |   117 |   263 |   175 ||   555
  Dodge: Dodged            |    65 |    66 |    90 |   132 |    77 ||   430
  Block: Buckler           |    26 |    22 |       |       |       ||    48
         Kite shield       |       |       |   173 |   324 |   171 ||   668

Table legend:
 A = Non-vault XP
 B = Vault XP
 C = Vault XP percentage of total XP
 D = Non-vault monster count
 E = Vault monster count
 F = Vault count percentage of total count
                 A         B        C        D         E       F
            +---------+---------+-------+---------+---------+-------
      Total |   40776 |    6131 |  13.1 |     281 |      56 |  16.6
            +---------+---------+-------+---------+---------+-------
        D:1 |      40 |       0 |   0.0 |      21 |       0 |   0.0
        D:2 |      64 |      21 |  24.7 |      24 |       6 |  20.0
        D:3 |      88 |     345 |  79.7 |      21 |      17 |  44.7
        D:4 |      58 |       0 |   0.0 |       6 |       0 |   0.0
        D:5 |    1062 |     259 |  19.6 |      25 |       1 |   3.8
        D:6 |     573 |     962 |  62.7 |      24 |       7 |  22.6
        D:7 |    1447 |       0 |   0.0 |      20 |       0 |   0.0
        D:8 |     922 |     690 |  42.8 |       9 |       9 |  50.0
     Lair:1 |    2376 |    1022 |  30.1 |      11 |       4 |  26.7
     Lair:2 |   12607 |     724 |   5.4 |      46 |       4 |   8.0
     Lair:3 |    5236 |    2108 |  28.7 |      18 |       8 |  30.8
     Lair:4 |    1638 |       0 |   0.0 |       8 |       0 |   0.0
     Lair:5 |   14665 |       0 |   0.0 |      48 |       0 |   0.0
            +---------+---------+-------+---------+---------+-------
